3057 views
Uploaded 2019-12-31 18:56:58
Game version 1.32.0.4
4:04 long 4on4 ladder game on (8)GolemsInTheMist_LV
Saved by BEARAND
3057 views
Uploaded 2019-12-31 18:56:58
Game version 1.32.0.4
4:04 long 4on4 ladder game on (8)GolemsInTheMist_LV


/ 0.1k
26 buildings @ 3.4k
/ 0.8k

| Peon | 8 | 600 | / | 0 |
| Troll Headhunter | 1 | 140 | / | 20 |
| Grunt | 3 | 600 | / | 0 |
| total: | 12 | 1340g | / | 20w |
| Altar of Storms | 1 | 180 | / | 50 |
| Orc Burrow | 2 | 320 | / | 80 |
| War Mill | 1 | 205 | / | 0 |
| Barracks | 1 | 180 | / | 50 |
| Stronghold | 1 | 315 | / | 190 |
| total: | 5 | 885g | / | 180w |
| 0:04 | Peon |
| 0:04 | Peon |
| 0:12 | Altar of Storms |
| 0:17 | Orc Burrow |
| 0:25 | Peon |
| 0:27 | Peon |
| 1:05 | Peon |
| 1:12 | War Mill |
| 1:28 | Barracks |
| 1:36 | Peon |
| 1:42 | Peon |
| 1:51 | Peon |
| 2:08 | Orc Burrow |
| 2:14 | Wind Walk |
| 2:43 | Stronghold |
| 3:00 | Troll Headhunter |
| 3:01 | Grunt |
| 3:18 | Grunt |
| 3:38 | Grunt |
| Select | 34 |
| Right click | 27 |
| Chat | 19 |
| Build/train/purchase | 17 |
| Select group | 13 |
| Assign group | 1 |
| Remove unit | 1 |

| Wisp | 5 | 300 | / | 0 |
| Archer | 6 | 780 | / | 60 |
| total: | 11 | 1080g | / | 60w |
| Altar of Elders | 1 | 180 | / | 50 |
| Ancient of War | 1 | 150 | / | 60 |
| Moon Well | 3 | 540 | / | 120 |
| total: | 5 | 870g | / | 230w |
| 0:07 | Altar of Elders |
| 0:10 | Ancient of War |
| 0:14 | Moon Well |
| 0:21 | Wisp |
| 1:20 | Wisp |
| 1:20 | Wisp |
| 1:53 | Wisp |
| 1:54 | Wisp |
| 1:55 | Archer |
| 2:26 | Force of Nature |
| 2:41 | Archer |
| 2:44 | Moon Well |
| 2:49 | Moon Well |
| 2:51 | Archer |
| 2:51 | Archer |
| 3:42 | Archer |
| 3:42 | Archer |
| Select | 67 |
| Right click | 54 |
| Minimap ping | 26 |
| Build/train/purchase | 14 |
| Select group | 6 |
| Assign group | 3 |
| Use ability | 3 |
| Misc. action | 2 |
| Peasant | 6 | 450 | / | 0 |
| total: | 6 | 450g | / | 0w |
| Farm | 5 | 400 | / | 100 |
| Lumber Mill | 2 | 240 | / | 0 |
| Barracks | 1 | 160 | / | 60 |
| Keep | 1 | 320 | / | 210 |
| total: | 8 | 800g | / | 160w |
| 0:04 | Peasant |
| 0:04 | Peasant |
| 0:05 | Peasant |
| 0:05 | Peasant |
| 0:05 | Peasant |
| 0:05 | Peasant |
| 0:22 | Farm |
| 1:05 | Farm |
| 1:06 | Farm |
| 1:10 | Farm |
| 1:11 | Farm |
| 1:19 | Lumber Mill |
| 1:25 | Lumber Mill |
| 1:42 | Barracks |
| 2:53 | Keep |
| Right click | 36 |
| Select | 24 |
| Build/train/purchase | 8 |
| Esc | 7 |

| Peasant | 8 | 600 | / | 0 |
| Footman | 3 | 405 | / | 0 |
| total: | 11 | 1005g | / | 0w |
| Scout Tower | 1 | 30 | / | 20 |
| Altar of Kings | 1 | 180 | / | 50 |
| Farm | 3 | 240 | / | 60 |
| Barracks | 1 | 160 | / | 60 |
| Lumber Mill | 1 | 120 | / | 0 |
| Arcane Vault | 1 | 130 | / | 30 |
| total: | 8 | 860g | / | 220w |
| 0:04 | Peasant |
| 0:04 | Peasant |
| 0:09 | Altar of Kings |
| 0:15 | Farm |
| 0:29 | Barracks |
| 0:34 | Peasant |
| 0:48 | Peasant |
| 0:54 | Farm |
| 1:07 | Peasant |
| 1:13 | Peasant |
| 1:30 | Footman |
| 1:34 | Peasant |
| 1:41 | Farm |
| 1:49 | Footman |
| 1:56 | Peasant |
| 2:09 | Footman |
| 2:15 | Thunder Clap |
| 2:31 | Lumber Mill |
| 2:57 | Scout Tower |
| 3:13 | Arcane Vault |
| Right click | 67 |
| Chat | 45 |
| Select | 39 |
| Build/train/purchase | 15 |
| Misc. action | 7 |
| Use ability | 1 |
59 units @ 4.1k
/ 0k
39 buildings @ 4.1k
/ 1.6k

| Peon | 12 | 900 | / | 0 |
| total: | 12 | 900g | / | 0w |
| Watch Tower | 6 | 660 | / | 480 |
| Altar of Storms | 1 | 180 | / | 50 |
| Orc Burrow | 2 | 320 | / | 80 |
| War Mill | 1 | 205 | / | 0 |
| Voodoo Lounge | 1 | 130 | / | 30 |
| Stronghold | 1 | 315 | / | 190 |
| total: | 11 | 1495g | / | 640w |
| 0:03 | Peon |
| 0:03 | Peon |
| 0:07 | Altar of Storms |
| 0:10 | Orc Burrow |
| 0:14 | Peon |
| 0:29 | Peon |
| 0:49 | War Mill |
| 0:57 | Peon |
| 1:10 | Peon |
| 1:17 | Voodoo Lounge |
| 1:25 | Peon |
| 1:40 | Peon |
| 1:52 | Orc Burrow |
| 1:55 | Peon |
| 2:10 | Shockwave |
| 2:19 | Watch Tower |
| 2:20 | Watch Tower |
| 2:27 | Peon |
| 2:29 | Spiked Barricades |
| 2:45 | Peon |
| 2:45 | Peon |
| 3:20 | Stronghold |
| 3:23 | Watch Tower |
| 3:24 | Watch Tower |
| 3:42 | Watch Tower |
| 3:44 | Watch Tower |
| Right click | 158 |
| Select group | 45 |
| Select | 35 |
| Assign group | 30 |
| Build/train/purchase | 17 |
| Misc. action | 4 |
| Use ability | 2 |

| Peasant | 14 | 1050 | / | 0 |
| total: | 14 | 1050g | / | 0w |
| Scout Tower | 12 | 360 | / | 240 |
| Guard Tower | 5 | 350 | / | 250 |
| Arcane Tower | 1 | 70 | / | 50 |
| Altar of Kings | 1 | 180 | / | 50 |
| Farm | 2 | 160 | / | 40 |
| Lumber Mill | 1 | 120 | / | 0 |
| total: | 16 | 820g | / | 330w |
| 0:02 | Peasant |
| 0:02 | Peasant |
| 0:12 | Altar of Kings |
| 0:23 | Farm |
| 0:25 | Peasant |
| 0:42 | Peasant |
| 0:51 | Peasant |
| 0:56 | Farm |
| 1:05 | Lumber Mill |
| 1:12 | Peasant |
| 1:20 | Peasant |
| 1:39 | Peasant |
| 1:47 | Peasant |
| 1:53 | Scout Tower |
| 1:53 | Scout Tower |
| 1:57 | Scout Tower |
| 2:06 | Peasant |
| 2:08 | Improved Masonry |
| 2:12 | Blizzard |
| 2:16 | Scout Tower |
| 2:17 | Scout Tower |
| 2:20 | Guard Tower |
| 2:21 | Scout Tower |
| 2:26 | Peasant |
| 2:26 | Peasant |
| 2:34 | Guard Tower |
| 2:41 | Scout Tower |
| 2:56 | Guard Tower |
| 3:04 | Guard Tower |
| 3:12 | Scout Tower |
| 3:13 | Guard Tower |
| 3:14 | Arcane Tower |
| 3:15 | Scout Tower |
| 3:15 | Scout Tower |
| 3:27 | Scout Tower |
| 3:28 | Scout Tower |
| 3:30 | Peasant |
| 3:31 | Peasant |
| Right click | 206 |
| Select | 73 |
| Select group | 36 |
| Build/train/purchase | 24 |
| Minimap ping | 12 |
| Assign group | 4 |
| Use ability | 3 |

| Boots of Speed | 1 | 250 |
| Staff of Teleportation | 1 | 150 |
| total: | 2 | 400g |
| Peon | 14 | 1050 | / | 0 |
| total: | 14 | 1050g | / | 0w |
| Watch Tower | 4 | 440 | / | 320 |
| Altar of Storms | 1 | 180 | / | 50 |
| Orc Burrow | 2 | 320 | / | 80 |
| War Mill | 1 | 205 | / | 0 |
| Voodoo Lounge | 1 | 130 | / | 30 |
| total: | 9 | 1275g | / | 480w |
| 0:03 | Peon |
| 0:03 | Peon |
| 0:08 | Altar of Storms |
| 0:19 | Orc Burrow |
| 0:30 | Peon |
| 0:42 | Peon |
| 0:57 | War Mill |
| 1:06 | Peon |
| 1:13 | Peon |
| 1:20 | Peon |
| 1:34 | Peon |
| 1:42 | Peon |
| 1:47 | Voodoo Lounge |
| 1:56 | Peon |
| 2:07 | Orc Burrow |
| 2:27 | Watch Tower |
| 2:30 | Watch Tower |
| 2:35 | Peon |
| 3:00 | Acid Bomb |
| 3:10 | Peon |
| 3:10 | Peon |
| 3:10 | Peon |
| 3:31 | Watch Tower |
| 3:34 | Watch Tower |
| 3:54 | Boots of Speed |
| 3:55 | Staff of Teleportation |
| Right click | 208 |
| Select | 51 |
| Select group | 29 |
| Build/train/purchase | 24 |
| Assign group | 1 |
| Remove unit | 1 |

| Wisp | 19 | 1140 | / | 0 |
| total: | 19 | 1140g | / | 0w |
| Altar of Elders | 1 | 180 | / | 50 |
| Moon Well | 2 | 360 | / | 80 |
| total: | 3 | 540g | / | 130w |
| 0:03 | Wisp |
| 0:03 | Wisp |
| 0:05 | Altar of Elders |
| 0:11 | Moon Well |
| 0:23 | Wisp |
| 0:29 | Wisp |
| 0:46 | Moon Well |
| 0:52 | Wisp |
| 0:52 | Wisp |
| 1:11 | Wisp |
| 1:11 | Wisp |
| 1:19 | Wisp |
| 1:30 | Wisp |
| 1:30 | Wisp |
| 1:38 | Wisp |
| 2:04 | Entangling Roots |
| 2:08 | Wisp |
| 2:26 | Wisp |
| 2:26 | Wisp |
| 3:25 | Wisp |
| 3:25 | Wisp |
| 3:25 | Wisp |
| 3:26 | Wisp |
| Right click | 193 |
| Select group | 63 |
| Resource trade | 46 |
| Select | 27 |
| Build/train/purchase | 22 |
| Minimap ping | 14 |
| Chat | 7 |
| Use ability | 5 |
| Assign group | 3 |
⇛